 Dungeon Crawl Stone Soup version 0.18-a0-1575-g920359c (webtiles) character file.

28 namelastname112 the Sneak (level 3, -2/30 HPs)
             Began as a Draconian Assassin on Mar 16, 2016.
             Slain by Sigmund
             ... wielding a +5 scythe of slicing
              (16 damage)
             ... on level 2 of the Dungeon.
             The game lasted 00:01:21 (1323 turns).

namelastname112 the Sneak (Draconian Assassin)      Turns: 1323, Time: 00:01:22

Health: -2/30      AC:  7    Str: 13    XL:     3   Next: 0%
Magic:  3/3        EV: 12    Int: 11    God:
Gold:   54         SH:  0    Dex: 13    Spells: 0 memorised, 2 levels left

rFire  . . .     SeeInvis .     b - +0 blowgun
rCold  . . .     Gourm    .     (armour unavailable)
rNeg   . . .     Faith    .     (no shield)
rPois  .         Spirit   .     (helmet restricted)
rElec  .         Dismiss  .     c - +0 cloak
rCorr  .         Reflect  .     j - +0 pair of gloves
SustAt .         Harm     .     (no boots)
MR     .....                    (no amulet)
Stlth  +.........               (no ring)
                                (no ring)

@: confused, not resistant to hostile enchantments, very unstealthy
A: unfitting armour, cold-blooded, AC +5
a: no special abilities


You were on level 2 of the Dungeon.
You were very hungry.

You visited 1 branch of the dungeon, and saw 2 of its levels.

You collected 54 gold pieces.

Inventory:

Hand Weapons
 a - a +2 dagger
 b - a +0 blowgun (weapon)
Missiles
 d - 4 poisoned needles (quivered)
 e - 2 curare-tipped needles
Armour
 c - a +0 cloak (worn)
 j - a +0 pair of gloves (worn)
Scrolls
 g - a scroll of amnesia {unknown}
 h - 3 scrolls of recharging {unknown}
 l - a scroll of vulnerability {unknown}
Potions
 i - a potion of cancellation {unknown}
 k - 2 potions of brilliance {unknown}
 m - a potion of curing {unknown}
Comestibles
 f - a bread ration


   Skills:
 + Level 2.9 Fighting
 * Level 2.7 Short Blades
 - Level 1.7 Throwing
 + Level 1.1 Dodging
 + Level 3.7 Stealth


You had 2 spell levels left.
You didn't know any spells.

Dungeon Overview and Level Annotations

Branches:
Dungeon (2/15)

Altars:

Annotations:
D:2 Sigmund


Innate Abilities, Weirdness & Mutations

Your plain brown scales are hard (AC +5).
Your body does not fit into most forms of armour.
You are cold-blooded and may be slowed by cold attacks.


Message History

Aim: Sigmund, wielding a scythe of slicing and wearing a robe (poisoned)
You shoot a poisoned needle.
The poisoned needle closely misses Sigmund.
Firing (i - inventory. (,) - cycle):
d - 6 poisoned needles (quivered)
Press: ? - help, Shift-Dir - straight line, f/p - Sigmund
Aim: Sigmund, wielding a scythe of slicing and wearing a robe (lightly wounded, poisoned)
You shoot a poisoned needle.
The poisoned needle barely misses Sigmund.
Sigmund gestures at you while chanting.
You are confused.
Firing (i - inventory. (,) - cycle):
d - 5 poisoned needles (quivered)
Press: ? - help, Shift-Dir - straight line, f/p - Sigmund
Aim: Sigmund, wielding a scythe of slicing and wearing a robe (lightly wounded, poisoned)
You shoot a poisoned needle.
You see here 23 bolts.
Sigmund hits you with a scythe of slicing!
You see here a green potion.
Sigmund hits you from afar with a scythe of slicing!
Ouch! That really hurt!
You die...

#....#..#.# #.#
#....##.#<# #.#
#....##.#.# #.#
##...##...########'##
##..+....##....(...#
##.##..>##........#
####.#.##......(.#
#.#.##.....!..#
#.#.##....@.@.#
#.#.##...[....#
#.#.##........#
#.#.##........#
#.#.##.....(..#
#.#.########+## #.#.#
#.#.# #.#.#


You could see Sigmund.

Vanquished Creatures
  An ooze (D:2)
  A worm (D:2)
  2 dart slugs
  2 bats (D:1)
  4 goblins
  A hobgoblin (D:1)
  A giant newt (D:1)
  4 kobolds
  3 rats (D:1)
19 creatures vanquished.

Notes
Turn   | Place    | Note
--------------------------------------------------------------
     0 | D:1      | namelastname112 the Draconian Assassin began the quest for the Orb.
     0 | D:1      | Reached XP level 1. HP: 17/17 MP: 1/1
   144 | D:1      | Reached skill level 1 in Dodging
   148 | D:1      | Reached XP level 2. HP: 20/25 MP: 2/2
  1104 | D:2      | Reached XP level 3. HP: 30/30 MP: 3/3
  1312 | D:2      | Noticed Sigmund
  1323 | D:2      | Slain by Sigmund

Vault maps used:
D:1:      mrwooster_arrival_statue, minmay_misc_feat_ornament,
          nrook_loot_triangle
D:2:      tgw_xom, uniq_jessica, uniq_sigmund

Skill      XL: |  1 |
---------------+----+-----
Dodging        | 1 |  1.1
Fighting       | |  2.9
Short Blades   | |  2.7
Throwing       | |  1.7
Stealth        | |  3.7

Action                   || total
-------------------------++-------
Melee: Dagger            ||    57
 Fire: Blowgun           ||     4
 Stab: Sleeping          ||     3
